 Dungeon Crawl Stone Soup version 0.22-a0-32-ga749362bc3 (webtiles) character file.

10 Kaname the Magician (level 2, 19/19 HPs)
             Began as a Demonspawn Wizard on Jan 3, 2018.
             Quit the game on level 1 of the Dungeon.
             The game lasted 00:00:53 (361 turns).

Kaname the Magician (Demonspawn Wizard)              Turns: 361, Time: 00:00:54

Health: 19/19      AC:  4    Str:  7    XL:     2   Next: 10%
Magic:  0/6        EV: 12    Int: 19    God:
Gold:   0          SH:  0    Dex: 11    Spells: 6/7 levels left

rFire    . . .     SeeInvis .   (no weapon)
rCold    . . .     Gourm    .   (no shield)
rNeg     . . .     Faith    .   a - +0 robe
rPois    .         Spirit   .   b - +0 hat
rElec    .         Reflect  .   (no cloak)
rCorr    .         Harm     .   (no gloves)
MR       .....                  (no boots)
Stlth    ++........             (no amulet)
HPRegen  0.06/turn              (no ring)
MPRegen  0.10/turn              (no ring)

@: no status effects
A: thin metallic scales 1
a: no special abilities


You were on level 1 of the Dungeon.
You were not hungry.

You visited 1 branch of the dungeon, and saw 1 of its levels.

Inventory:

Armour
 a - a +0 robe (worn)
 b - a +0 hat (worn)
Potions
 e - a potion of curing {unknown}
Books
 c - a book of Minor Magic

   Spells                             Type                      Level
   a - Magic Dart                     Conjuration                  1
   b - Blink                          Translocation                2
   c - Call Imp                       Summoning                    2
   d - Slow                           Hexes                        2
   e - Conjure Flame                  Conjuration/Fire             3
   f - Mephitic Cloud                 Conjuration/Poison/Air       3
Comestibles
 d - a ration


   Skills:
 - Level 1.7 Dodging
 - Level 1.7 Stealth
 - Level 3.0 Spellcasting
 + Level 2.2 Conjurations
   Level 1.0 Summonings
   Level 0.8 Translocations


You had 6 spell levels left.
You knew the following spells:

 Your Spells              Type           Power        Failure   Level  Hunger
a - Magic Dart            Conj           ##..         6%          1    None


Dungeon Overview and Level Annotations

Branches:
Dungeon (1/15)

Altars:


Innate Abilities, Weirdness & Mutations

You are partially covered in thin metallic scales. (AC +2)


Message History

The dart slug is severely wounded.
You hit the dart slug.
The dart slug is severely wounded.
The dart slug closely misses you.
You hit the dart slug but do no damage.
The dart slug is severely wounded.
You hit the dart slug.
The dart slug is almost dead.
The dart slug launches a dart at you. The slug dart misses you.
You hit the dart slug but do no damage.
The dart slug is almost dead.
The dart slug launches a dart at you. The slug dart misses you.
You hit the dart slug.
You kill the dart slug!
You have reached level 2!
Your demonic ancestry asserts itself...
Thin metallic scales grow over part of your body.
Are you sure you want to abandon this character and quit the game? (Confirm with "yes".)

# .. # ####.# #..... # #....# #.#
#.†..# # ##.. #.# #.... .#
##...## ##.### #.#.###.#
##.....## ##....#
#..@....###.......##
##...#.#########...####.........#
.>....................+.........'
#.....#########...####..(......#
#.......)# #..## #.......##
##.....#..# ##.# ##.....##
.....##...# #.# ##...##
...####...# #.# ##'## .###
#....## ##.#########.##


There were no monsters in sight!

Vanquished Creatures
  A dart slug (D:1)
  2 leopard geckos (D:1)
  A hobgoblin (D:1)
  A kobold (D:1)
  2 rats (D:1)
7 creatures vanquished.

Notes
Turn   | Place    | Note
-------+----------+-------------------------------------------
     0 | D:1      | Kaname the Demonspawn Wizard began the quest for the Orb.
     0 | D:1      | Reached XP level 1. HP: 13/13 MP: 4/4
   360 | D:1      | Gained mutation: You are partially covered in thin metallic scales. (AC +2) [demonic ancestry]
   360 | D:1      | Reached XP level 2. HP: 19/19 MP: 0/6
   361 | D:1      | Quit the game

Vault maps used:
D:1:      onia_arrival_pentagram

Skill      XL: |  1 |
---------------+----+-----
Conjurations   | 2 |  2.2
Dodging        | |  1.7
Stealth        | |  1.7
Spellcasting   | |  3.0
Summonings     | |  1.0
Translocations | |  0.8

Action                   || total
-------------------------++-------
Melee: Unarmed           ||    13
 Cast: Magic Dart        ||    17
Dodge: Dodged            ||    12

Table legend:
 A = Spawn XP
 B = Non-spawn XP
 C = Spawn XP percentage of total XP
 D = Spawn monster count
 E = Non-spawn monster count
 F = Spawn count percentage of total count
 G = Total turns spent on level
                    A         B        C        D         E        F      G
               +---------+---------+-------+---------+---------+-------+---------
         Total |       0 |      15 |   0.0 |       0 |       7 |   0.0 |   361
               +---------+---------+-------+---------+---------+-------+---------
           D:1 |       0 |      15 |   0.0 |       0 |       7 |   0.0 |   361
               +---------+---------+-------+---------+---------+-------+---------
